 Dungeon Crawl Stone Soup version 0.29-a0-392-g297d3b089c (webtiles) character file.

Game seed: 14145022153366721878

250611 dolemite99 the Dancer (level 20, -5/157 HPs)
             Began as a Gnoll Earth Elementalist on May 8, 2022.
             Was a Believer of Uskayaw.
             Slain by a war gargoyle
             ... wielding a +2 morningstar of protection
             ... led by a peacekeeper
              (28 damage)
             ... on level 2 of the Vaults on May 9, 2022.
             The game lasted 01:42:34 (86419 turns).

dolemite99 the Dancer (Gnoll Earth Elementalist)   Turns: 86419, Time: 01:42:34

Health: -5/157     AC: 22    Str:  9    XL:     20   Next: 8%
Magic:  24/48      EV: 20    Int: 25    God:    Uskayaw [**....]
Gold:   1390       SH: 14    Dex: 12    Spells: 10/47 levels left

rFire   + . .      SeeInvis +   a - staff of earth
rCold   + + .      Faith    +   H - +2 kite shield {rC+ rF+}
rNeg    + + +      Spirit   .   B - +5 leather armour of the Bedazzled God {rPois rC+ rN+++ Dex-3}
rPois   +          Reflect  .   J - +3 hat of Pondering {ponderous, Will+ MP+10 Int+5}
rElec   .          Harm     .   e - +2 cloak {rCorr}
rCorr   +          Rampage  .   F - +2 pair of gloves
Will    ++...                   A - +1 pair of boots
Stlth   +++++.....              N - amulet of faith
HPRegen 0.36/turn               T - ring of see invisible
MPRegen 0.31/turn               f - +4 ring of evasion {=R}

@: slow
A: fangs 1, strong nose, distributed training
}: 1/15 runes: serpentine
a: Renounce Religion, Stomp, Line Pass


You were on level 2 of the Vaults.
You worshipped Uskayaw.
Uskayaw was pleased with you.
You visited 6 branches of the dungeon, and saw 32 of its levels.

You collected 2913 gold pieces.
You spent 1523 gold pieces at shops.

Inventory:

Hand Weapons
 b - a +0 demon whip of electrocution
 u - a +0 demon trident of electrocution
 w - a +4 hunting sling of flaming
Missiles
 z - 19 boomerangs (quivered)
 L - 2 throwing nets
Armour
 e - a +2 cloak of preservation (worn)
 A - a +1 pair of boots (worn)
 B - the +5 leather armour of the Bedazzled God (worn) {rPois rC+ rN+++ Dex-3}
   (You found it on level 3 of the Dungeon)

   Dex:       It affects your dexterity (-3).
   rC:        It protects you from cold.
   rPois:     It protects you from poison.
   rN:        It renders you almost immune to negative energy.
 F - a +2 pair of gloves (worn)
 H - a +2 kite shield of resistance (worn)
 J - the +3 hat of Pondering (worn) {ponderous, Will+ MP+10 Int+5}
   (You took it off Gastronok on level 1 of the Lair of Beasts)

   Int:       It affects your intelligence (+5).
   MP:        It affects your magic capacity (+10).
   Will:      It increases your willpower.
 O - the +0 buckler "Oludiar" {rElec rCorr}
   (You acquired it on level 12 of the Dungeon)

   rElec:     It insulates you from electricity.
   rCorr:     It protects you from acid and corrosion.
Magical Staves
 a - a staff of earth (weapon)
 x - a staff of fire
Jewellery
 f - a +4 ring of evasion (right hand) {=R}
 k - a ring of protection from cold
 m - a ring of protection from cold
 v - a +6 ring of intelligence
 y - a ring of willpower
 E - the ring "Pimiessu" {Will+ rCorr Int-2 Dex-4 Slay+6}
   (You found it on level 12 of the Dungeon)

   [ring of willpower]

   Int:       It affects your intelligence (-2).
   Dex:       It affects your dexterity (-4).
   Slay:      It affects your accuracy & damage with ranged weapons and melee
   (+6).
   rCorr:     It protects you from acid and corrosion.
   Will:      It increases your willpower.
 N - an amulet of faith (around neck)
 T - a ring of see invisible (left hand)
 W - an amulet of reflection
Wands
 r - a wand of iceblast (7)
 M - a wand of digging (5)
 X - a wand of polymorph (8)
Scrolls
 c - a scroll of enchant weapon
 h - 7 scrolls of teleportation
 n - 8 scrolls of fog
 p - 2 scrolls of amnesia
 D - a scroll of blinking
 Q - 3 scrolls of silence
 R - 2 scrolls of enchant armour
 U - 4 scrolls of poison
 V - a scroll of fear
 Z - 7 scrolls of identify {@r1}
Potions
 d - 7 potions of might
 g - 5 potions of ambrosia
 i - 4 potions of resistance
 j - a potion of heal wounds
 l - 9 potions of curing
 o - a potion of haste
 q - 6 potions of brilliance
 C - 5 potions of flight
 G - 5 potions of berserk rage
 I - 5 potions of attraction
 K - 6 potions of cancellation
 P - 8 potions of lignification
Miscellaneous
 s - a box of beasts (inert)
 t - a phial of floods (inert)
 S - a lightning rod (1/4)
 Y - a tin of tremorstones (1/2)


   Skills:
 + Level 13.5 Fighting
 + Level 13.5 Short Blades
 + Level 13.5 Long Blades
 + Level 13.5 Axes
 + Level 13.5 Maces & Flails
 + Level 13.5 Polearms
 + Level 13.5 Staves
 + Level 13.5 Slings
 + Level 13.5 Bows
 + Level 13.5 Crossbows
 + Level 13.5 Throwing
 + Level 13.5 Armour
 + Level 14.2 Dodging
 + Level 14.1 Stealth
 + Level 13.5 Shields
 + Level 13.5 Unarmed Combat
 + Level 14.3 Spellcasting
 + Level 11.4 Conjurations
 + Level 11.4 Hexes
 + Level 11.4 Summonings
 + Level 11.4 Necromancy
 + Level 11.4 Translocations
 + Level 11.7 Transmutations
 + Level 11.4 Fire Magic
 + Level 11.4 Ice Magic
 + Level 11.4 Air Magic
 + Level 12.6 Earth Magic
 + Level 11.4 Poison Magic
 + Level 14.6 Invocations
 + Level 13.5 Evocations


You had 10 spell levels left.
You knew the following spells:

 Your Spells              Type           Power      Damage    Failure   Level
a - Summon Lightning Spi  Summ/Air       66%        N/A       1%          4
b - Stone Arrow           Conj/Erth      100%       3d13      1%          3
c - Frozen Ramparts       Ice            100%       1d12      1%          3
d - Freezing Cloud        Conj/Ice/Air   33%        6-21      1%          5
e - Mephitic Cloud        Conj/Pois/Air  66%        N/A       1%          3
f - Olgreb's Toxic Radia  Pois           66%        N/A       1%          4
g - Iskenderun's Mystic   Conj/Tloc      66%        2d14      1%          4
h - Lee's Rapid Deconstr  Erth           44%        3d22*     1%          5
i - Animate Dead          Necr           33%        N/A       1%          4
j - Passwall              Tmut/Erth      72%        N/A       1%          2

Your spell library contained the following spells:

 Spells                   Type           Power      Damage    Failure   Level
 Animate Skeleton         Necr           100%       N/A       1%          1
 Freeze                   Ice            100%       1d11      1%          1
 Sandblast                Erth           100%       2d20      1%          1
 Slow                     Hex            100%       N/A       1%          1
 Blink                    Tloc           100%       N/A       1%          2
 Corpse Rot               Necr/Air       100%       N/A       1%          2
 Poisonous Vapours        Pois/Air       100%       N/A       1%          2
 Scorch                   Fire           100%       2d10      1%          2
 Call Canine Familiar     Summ           66%        N/A       1%          3
 Confusing Touch          Hex            66%        N/A       1%          3
 Dazzling Flash           Conj/Hex       100%       N/A       1%          3
 Ignite Poison            Fire/Tmut/Pois 66%        N/A       1%          3
 Lesser Beckoning         Tloc           66%        N/A       1%          3
 Portal Projectile        Hex/Tloc       100%       N/A       1%          3
 Vampiric Draining        Necr           66%        2d10      1%          3
 Dispel Undead            Necr           66%        3d23      1%          4
 Flame Wave               Conj/Fire      66%        2d12      1%          4
 Fulminant Prism          Conj/Hex       33%        3d16      1%          4
 Hailstorm                Conj/Ice       66%        3d14      1%          4
 Ice Form                 Ice/Tmut       66%        N/A       1%          4
 Leda's Liquefaction      Hex/Erth       43%        N/A       1%          4
 Passage of Golubria      Tloc           66%        N/A       1%          4
 Petrify                  Tmut/Erth      87%        N/A       1%          4
 Agony                    Necr           66%        N/A       1%          5
 Blade Hands              Tmut           33%        N/A       1%          5
 Excruciating Wounds      Necr           33%        N/A       1%          5
 Manifold Assault         Tloc           66%        N/A       1%          5
 Silence                  Hex/Air        33%        N/A       1%          5
 Statue Form              Tmut/Erth      58%        N/A       8%          6
 Death Channel            Necr           33%        N/A       11%         6
 Simulacrum               Ice/Necr       33%        N/A       11%         6
 Starburst                Conj/Fire      33%        6d10      11%         6
 Summon Cactus Giant      Summ           33%        N/A       11%         6
 Storm Form               Tmut/Air       33%        N/A       50%         7
 Malign Gateway           Summ/Tloc      33%        N/A       52%         7
 Ozocubu's Refrigeration  Ice            33%        4d11      52%         7
 Lehudib's Crystal Spear  Conj/Erth      43%        10d11     98%         8
 Ignition                 Fire           33%        3d10      99%         8
 Maxwell's Capacitive Co  Air            33%        ∞         99%         8
 Summon Horrible Things   Summ           33%        N/A       99%         8
 Chain Lightning          Conj/Air       33%        3d44      100%        9
 Fire Storm               Conj/Fire      33%        8d8       100%        9
 Shatter                  Erth           44%        3d34*     100%        9


Dungeon Overview and Level Annotations

Branches:
Dungeon (15/15)            Temple (0/1) D:4            Lair (6/6) D:10
  Swamp (3/4) Lair:3        Snake (4/4) Lair:3        Slime (0/5) Lair:6
    Orc (2/2) D:9             Elf (0/3) Orc:2        Vaults (2/5) D:13
 Depths (0/4) D:15
  Crypt: Vaults:2-3

Altars:
Ashenzari
Cheibriados
Dithmenos
Elyvilon
Fedhas
Hepliaklqana
Kikubaaqudgha
Makhleb
Okawaru
Ru
Sif Muna
Trog
Uskayaw
Wu Jian
Zin
The Shining One
Beogh

Shops:
D:3 [   D:5 !   D:11 [   Orc:2 (:[*

Annotations:
D:11 2 transporters, croobank's ghost, journeyman GnFE
Lair:2 exclusion: oklob plant, Harold
Lair:5 exclusion: downstairs
Swamp:1 1 transporter, Roxanne; Xuyneboji's ghost, journeyman MiBe
Snake:2 1 runed translucent door, sleeves's ghost, adept BaSu
Snake:3 exclusion: downstairs
Vaults:1 Mennas


Innate Abilities, Weirdness & Mutations

You have very sharp teeth.
Your uncanny sense of smell can sniff out nearby items.
Your experience applies equally to all skills.


Message History

Press: ? - help, Shift-Dir - straight line, f/p - war gargoyle
Aim: a war gargoyle, wielding a +2 morningstar of protection (strong, catching its breath, 95% to hit)
You feel a surge of power!
The stone arrow hits the war gargoyle!!
The war gargoyle is heavily damaged.
The peacekeeper bites you!
* * * LOW HITPOINT WARNING * * *
You block the peacekeeper's attack. You block the war gargoyle's attack.
The peacekeeper bites you!
* * * LOW HITPOINT WARNING * * *
The peacekeeper closely misses you.
Casting: Stone Arrow (safe; 1% risk of failure)
Confirm with . or Enter, or press ? or * to list all spells.
Aiming: Stone Arrow (safe; 1% risk of failure)
Press: ? - help, Shift-Dir - straight line, f/p - war gargoyle
Aim: a war gargoyle, wielding a +2 morningstar of protection (heavily damaged, strong, catching its breath, 95% to hit)
You feel a surge of power!
The stone arrow hits the war gargoyle but does no damage.
The war gargoyle is heavily damaged.
The war gargoyle no longer looks unusually strong.
You block the war gargoyle's attack.
The peacekeeper roars a battlecry!
The war gargoyle goes into a battle-frenzy!
You block the war gargoyle's attack.
Casting: Stone Arrow (safe; 1% risk of failure)
Confirm with . or Enter, or press ? or * to list all spells.
Aiming: Stone Arrow (safe; 1% risk of failure)
Press: ? - help, Shift-Dir - straight line, f/p - war gargoyle
Aim: a war gargoyle, wielding a +2 morningstar of protection (heavily damaged, strong, 95% to hit)
You feel a surge of power!
The stone arrow hits the war gargoyle!!
The war gargoyle is almost destroyed.
The peacekeeper bites you but does no damage.
The peacekeeper claws you.
* * * LOW HITPOINT WARNING * * *
You block the fire elemental's attack. You block the war gargoyle's attack.
You block the peacekeeper's attack. The peacekeeper misses you.
You can now pass through a line of other dancers.
Okay, then.
You feel much better. You block the fire elemental's attack.
The war gargoyle hits you with a +2 morningstar of protection!!
You die...

( #.. .## ..#...#
..########.##..## #.+...#
#≈#......#.'....#∆∆∆ +.#...#
.≈')≈....#.'... ∆ ∆ +.#...#
#)≈....#.'. ∆∆∆ +.#...##
#≈)≈...#.## ##### ##.#...#.
#.)....'§e# ##...## #..'...#.
#......##.####.E...####.##...#.
#########E9##.@99...##..##...#.
##.9###9..###..###...#.
##8..#'''#)..## #...'.
###9○°..).### #...#. ######'[##
#...#. #....[..# #...#.
#.##[##.# #...#. #.##.##.#
#...#. #....)..# #...##


You could see a crystal guardian (strong), a war gargoyle (strong), a
peacekeeper and a fire elemental (summoned).

Vanquished Creatures
  A tentacled monstrosity (Swamp:2)
  Gastronok (Lair:1)
  A quicksilver dragon (Snake:4)
  Kirke (Lair:5)
  A thorn hunter (Swamp:2)
  4 nagarajas
  A fire giant (Vaults:2)
  3 vault wardens (Vaults:1)
  An orc warlord (Orc:2)
  9 ironbound preservers (Vaults:1)
  6 very ugly things
  2 ironbound thunderhulks (Vaults:1)
  4 eleionomae
  2 entropy weavers (Vaults:1)
  2 dire elephants
  Josephine (D:12)
  A shambling mangrove (Swamp:2)
  Fannar (Lair:3)
  A deep elf high priest (Vaults:2)
  4 yaktaur captains (Vaults:1)
  2 fire dragons
  A great orb of eyes (Vaults:1)
  2 salamander tyrants (Snake:4)
  9 hydras
  4 catoblepae
  A ghost crab (Swamp:2)
  7 anacondas
  3 boulder beetles
  A death knight (D:14)
  2 ironbound frosthearts (Vaults:1)
  An ogre mage (Vaults:1)
  12 naga warriors
  3 alligators (Swamp:2)
  17 centaur warriors
  7 two-headed ogres
  Urug (Lair:3)
  3 death yaks (Lair:6)
  3 orc high priests (Orc:2)
  2 tengu warriors
  7 shock serpents
  14 naga sharpshooters
  Amaemon (D:11)
  2 salamander mystics (Snake:1)
  6 skeletal warriors
  4 goliath frogs
  4 sea snakes (Snake:3)
  Lodul (D:11)
  25 deep trolls
  4 ironbound convokers
  2 spriggan druids
  4 lindwurms
  A swamp dragon (Swamp:1)
  5 naga ritualists
  Pikel (D:8)
  4 wizards
  2 deep elf zephyrmancers
  3 orc knights
  A deep elf archer (Vaults:2)
  A phantasmal warrior (Vaults:1)
  11 mana vipers
  2 deep elf pyromancers
  5 orc sorcerers
  26 ugly things
  6 cyclopes
  5 salamanders
  9 naga magi
  6 will-o-the-wisps
  17 elephants
  4 manticores
  7 guardian serpents
  6 vault sentinels
  34 black mambas
  A water nymph (Swamp:2)
  2 molten gargoyles (Lair:6)
  An orange demon (D:11)
  7 cane toads
  An eye of devastation (Lair:6)
  5 rime drakes
  11 komodo dragons
  12 yaktaurs
  An efreet (D:15)
  2 ice devils (Orc:2)
  2 tyrant leeches
  A meliai (D:12)
  3 trolls
  7 hornets
  14 slime creatures
  8 blink frogs (Lair:6)
  2 water elementals
  A vampire (D:13)
  6 spriggans (Swamp:1)
  7 wraiths
  42 yaks
  13 wyverns
  14 basilisks
  5 hogs
  11 vampire mosquitoes
  A harpy simulacrum (D:14)
  7 swamp worms
  A warg (Orc:1)
  24 nagas
  An acid dragon (D:12)
  5 hell hounds
  9 water moccasins
  A floating eye (Lair:6)
  2 black bears
  32 orc warriors
  An ice beast (D:7)
  12 ogres
  9 wolves
  11 centaurs
  4 phantoms
  A kobold brigand (D:8)
  13 bullfrogs
  3 gnoll sergeants
  3 necrophages
  2 scorpions
  A wyvern zombie (D:5)
  8 wights
  5 killer bees
  9 electric eels
  A howler monkey (D:6)
  5 lava snakes (Lair:6)
  3 bullfrog zombies (D:5)
  A human zombie (D:5)
  2 jellies
  19 orc priests
  2 gnoll shamans
  4 hounds
  4 iguanas
  3 scorpion zombies (D:5)
  27 orc wizards
  9 hell rats (Lair:4)
  2 mummies
  25 gnolls
  6 adders
  2 white imps
  2 ufetubi
  An adder zombie (D:5)
  5 worms
  3 dart slugs
  94 orcs
  8 endoplasms
  5 giant cockroaches
  9 goblins
  9 hobgoblins
  7 kobolds
  3 quokkas
  9 ball pythons
  3 bats
  3 frilled lizards
  4 rats
  6 briar patches (Swamp:2)
988 creatures vanquished.

Vanquished Creatures (collateral kills)
  A tentacled monstrosity (Swamp:3)
  A quicksilver dragon (Snake:4)
  A thorn hunter (Swamp:1)
  A vault warden (Vaults:1)
  Louise (Swamp:2)
  4 ironbound preservers
  A deep elf demonologist (Vaults:2)
  6 dire elephants
  2 bunyips (Swamp:3)
  A yaktaur captain (Vaults:1)
  A great orb of eyes (Vaults:1)
  An ogre mage (Vaults:2)
  3 salamander tyrants
  An anaconda (Snake:2)
  A boulder beetle (Vaults:1)
  2 alligators (Swamp:1)
  2 centaur warriors (Vaults:1)
  5 naga warriors
  An ironbound frostheart (Vaults:2)
  7 naga sharpshooters
  A spriggan (Swamp:1)
  A death drake (Swamp:2)
  2 salamander mystics
  A goliath frog (Swamp:2)
  3 naga ritualists
  A sea snake (Snake:3)
  2 deep trolls (Vaults:1)
  A deep elf archer (Vaults:2)
  2 wizards (Vaults:1)
  A necromancer (Vaults:2)
  A lindwurm (Vaults:2)
  7 mana vipers
  7 salamanders
  A will-o-the-wisp (Swamp:1)
  An elephant (Lair:4)
  A water nymph (Swamp:2)
  6 black mambas
  3 guardian serpents
  A vault sentinel (Vaults:1)
  7 naga magi
  2 yaktaurs (Vaults:1)
  2 tyrant leeches
  3 hornets (Swamp:1)
  3 slime creatures (Vaults:1)
  3 yaks
  5 swamp worms
  17 nagas
  A lemure (D:8)
  2 orc priests (Orc:2)
131 creatures vanquished.

Vanquished Creatures (others)
  A two-headed ogre (D:12)
  A bloated husk (Swamp:1)
  A shadow (D:13)
  A yak (D:10)
  A lemure (D:8)
  5 bushes (Lair:6)
  31 foxfires
  76 fungi
  98 plants
215 creatures vanquished.

Grand Total: 1334 creatures vanquished

Notes
Turn   | Place    | Note
-------+----------+-------------------------------------------
     0 | D:1      | dolemite99 the Gnoll Earth Elementalist began the quest for
                  | the Orb.
     0 | D:1      | Reached XP level 1. HP: 13/13 MP: 6/6
   187 | D:1      | Reached XP level 2. HP: 19/19 MP: 4/7
   716 | D:1      | Found a faded altar of an unknown god.
   764 | D:1      | Prayed at the altar of an unknown god.
   764 | D:1      | Became a worshipper of Uskayaw the Reveller
   764 | D:1      | Reached * piety under Uskayaw
   957 | D:1      | Reached ** piety under Uskayaw
   958 | D:1      | Reached XP level 3. HP: 25/25 MP: 6/9
  1128 | D:2      | Reached skill level 5 in Spellcasting
  1245 | D:2      | Reached skill level 1 in Invocations
  1626 | D:2      | Reached skill level 1 in Fighting
  1626 | D:2      | Reached skill level 1 in Short Blades
  1626 | D:2      | Reached skill level 1 in Long Blades
  1626 | D:2      | Reached skill level 1 in Axes
  1626 | D:2      | Reached skill level 1 in Maces & Flails
  1626 | D:2      | Reached skill level 1 in Polearms
  1626 | D:2      | Reached skill level 1 in Staves
  1626 | D:2      | Reached skill level 1 in Slings
  1626 | D:2      | Reached skill level 1 in Bows
  1626 | D:2      | Reached skill level 1 in Crossbows
  1626 | D:2      | Reached skill level 1 in Throwing
  1626 | D:2      | Reached skill level 1 in Armour
  1626 | D:2      | Reached skill level 1 in Shields
  1626 | D:2      | Reached skill level 1 in Unarmed Combat
  1626 | D:2      | Reached skill level 1 in Evocations
  1630 | D:2      | Reached XP level 4. HP: 32/32 MP: 8/11
  1789 | D:2      | Found a hazy altar of Hepliaklqana.
  1946 | D:3      | Found Vadiruxt's Armour Shop.
  1983 | D:3      | Bought a +0 pair of boots for 58 gold pieces
  1995 | D:3      | Learned a level 3 spell: Stone Arrow
  2125 | D:3      | Identified the +5 leather armour of the Bedazzled God
                  | {rPois rC+ rN+++ Dex-3}
  2254 | D:3      | Reached skill level 1 in Conjurations
  2254 | D:3      | Reached skill level 1 in Hexes
  2254 | D:3      | Reached skill level 1 in Summonings
  2254 | D:3      | Reached skill level 1 in Necromancy
  2254 | D:3      | Reached skill level 1 in Translocations
  2254 | D:3      | Reached skill level 1 in Fire Magic
  2254 | D:3      | Reached skill level 1 in Ice Magic
  2254 | D:3      | Reached skill level 1 in Air Magic
  2254 | D:3      | Reached skill level 1 in Poison Magic
  2642 | D:3      | Reached XP level 5. HP: 37/37 MP: 10/12
  3269 | D:4      | Noticed a phantom
  3273 | D:4      | Killed a phantom
  3274 | D:4      | Reached XP level 6. HP: 44/44 MP: 9/13
  3274 | D:4      | Reached *** piety under Uskayaw
  3486 | D:4      | Found a staircase to the Ecumenical Temple.
  3786 | D:4      | Noticed a black bear
  3792 | D:4      | Killed a black bear
  3793 | D:4      | Reached skill level 5 in Dodging
  3840 | D:4      | Found a broken altar of Ashenzari.
  3936 | D:4      | Reached XP level 7. HP: 38/50 MP: 9/15
  4305 | D:4      | Found a blossoming altar of Fedhas.
  4634 | D:5      | Entered Level 5 of the Dungeon
  4672 | D:5      | Noticed a yak
  4686 | D:4      | Killed a yak
  4687 | D:4      | Reached skill level 5 in Stealth
  4800 | D:5      | Noticed a yak
  4807 | D:5      | Noticed a yak
  4808 | D:5      | Reached **** piety under Uskayaw
  4809 | D:5      | Noticed a yak
  4810 | D:5      | Killed a yak
  4810 | D:5      | Noticed a yak
  4810 | D:5      | Reached ***** piety under Uskayaw
  4811 | D:5      | Reached XP level 8. HP: 58/58 MP: 8/16
  5066 | D:4      | Killed a yak
  6465 | D:5      | Found a glowing silver altar of Zin.
  6820 | D:5      | Killed a yak
  7567 | D:5      | Learned a level 1 spell: Sandblast
  7594 | D:5      | Found a bloodstained altar of Trog.
  7614 | D:5      | Found Imyoff's Distillery.
  7624 | D:5      | Bought 2 potions of heal wounds for 130 gold pieces
  7657 | D:5      | Killed a yak
  7658 | D:5      | Reached XP level 9. HP: 65/65 MP: 11/18
  8029 | D:5      | Found an ancient bone altar of Kikubaaqudgha.
  8493 | D:6      | Identified the +0 ring mail of the Monkey's Uncle {rF+}
  8509 | D:6      | Found an iron altar of Okawaru.
  8510 | D:6      | Found a sacrificial altar of Ru.
  8510 | D:6      | Found a shimmering blue altar of Sif Muna.
  8518 | D:6      | Found a hide-covered altar of Uskayaw.
  8521 | D:6      | Found a glowing golden altar of the Shining One.
  8732 | D:6      | Noticed a deep elf zephyrmancer
  9278 | D:6      | Reached skill level 5 in Invocations
  9998 | D:6      | You fall into a shaft and drop 2 floors!
 10110 | D:8      | Noticed Pikel
 10147 | D:8      | Killed Pikel
 10148 | D:8      | Reached XP level 10. HP: 73/73 MP: 10/20
 10358 | D:8      | Noticed a two-headed ogre
 10375 | D:8      | Killed a two-headed ogre
 10376 | D:8      | Reached skill level 5 in Fighting
 10376 | D:8      | Reached skill level 5 in Short Blades
 10376 | D:8      | Reached skill level 5 in Long Blades
 10376 | D:8      | Reached skill level 5 in Axes
 10376 | D:8      | Reached skill level 5 in Maces & Flails
 10376 | D:8      | Reached skill level 5 in Polearms
 10376 | D:8      | Reached skill level 5 in Staves
 10376 | D:8      | Reached skill level 5 in Slings
 10376 | D:8      | Reached skill level 5 in Bows
 10376 | D:8      | Reached skill level 5 in Crossbows
 10376 | D:8      | Reached skill level 5 in Throwing
 10376 | D:8      | Reached skill level 5 in Armour
 10376 | D:8      | Reached skill level 5 in Shields
 10376 | D:8      | Reached skill level 5 in Unarmed Combat
 10376 | D:8      | Reached skill level 5 in Evocations
 10601 | D:8      | Found a flagged portal.
 12076 | D:7      | Identified the +5 ring mail of the Armadillo {Int+3 Stlth+}
 12324 | D:6      | Killed a deep elf zephyrmancer
 12325 | D:6      | Reached skill level 5 in Transmutations
 13946 | D:9      | Found a shadowy altar of Dithmenos.
 14048 | D:8      | Reached XP level 11. HP: 69/81 MP: 0/22
 15202 | D:8      | Reached skill level 5 in Conjurations
 15202 | D:8      | Reached skill level 5 in Hexes
 15202 | D:8      | Reached skill level 5 in Summonings
 15202 | D:8      | Reached skill level 5 in Necromancy
 15202 | D:8      | Reached skill level 5 in Translocations
 15202 | D:8      | Reached skill level 5 in Fire Magic
 15202 | D:8      | Reached skill level 5 in Ice Magic
 15202 | D:8      | Reached skill level 5 in Air Magic
 15202 | D:8      | Reached skill level 5 in Poison Magic
 15758 | D:9      | Identified the +0 cloak "Enledoto" {rC- Str+7 Dex+2}
 16441 | D:9      | Found a staircase to the Orcish Mines.
 16966 | D:9      | Found a snail-covered altar of Cheibriados.
 17207 | D:9      | Found a burning altar of Makhleb.
 17209 | D:9      | Noticed a blizzard demon
 17300 | D:10     | Entered Level 10 of the Dungeon
 17504 | D:10     | Noticed a two-headed ogre
 17507 | D:10     | Noticed a two-headed ogre
 17515 | D:9      | Killed a two-headed ogre
 17864 | D:10     | Killed a two-headed ogre
 19409 | D:10     | Found a staircase to the Lair.
 20655 | D:11     | Noticed Lodul
 20731 | D:10     | Learned a level 3 spell: Frozen Ramparts
 20734 | D:10     | Learned a level 2 spell: Passwall
 20736 | D:10     | Noticed a deep elf pyromancer
 20739 | D:10     | Learned a level 4 spell: Petrify
 20755 | D:10     | Killed a deep elf pyromancer
 20798 | Lair:1   | Entered Level 1 of the Lair of Beasts
 20929 | D:5      | Bought a potion of lignification for 39 gold pieces
 20929 | D:5      | Bought a potion of berserk rage for 65 gold pieces
 20929 | D:5      | Bought a potion of heal wounds for 65 gold pieces
 20929 | D:5      | Bought a potion of haste for 130 gold pieces
 21945 | Lair:1   | Noticed Gastronok
 22042 | Lair:1   | Killed Gastronok
 22043 | Lair:1   | Reached XP level 12. HP: 57/89 MP: 3/24
 22457 | Lair:1   | Learned a level 4 spell: Flame Wave
 22978 | Lair:2   | Noticed Harold
 23823 | Lair:2   | Found an ornate altar of the Wu Jian Council.
 24257 | Lair:3   | Noticed Fannar
 24266 | Lair:3   | Killed Fannar
 24685 | Lair:3   | Noticed Urug
 24701 | Lair:3   | Killed Urug
 25081 | Lair:3   | Noticed a four-headed hydra
 25665 | Lair:3   | Found a staircase to the Snake Pit.
 25918 | Lair:3   | Found a staircase to the Swamp.
 26086 | Lair:3   | Killed a four-headed hydra
 27500 | Lair:4   | Reached XP level 13. HP: 68/98 MP: 25/26
 28129 | Lair:4   | Reached ****** piety under Uskayaw
 28431 | Lair:4   | You fall into a shaft and drop 2 floors!
 28431 | Lair:6   | Entered Level 6 of the Lair of Beasts
 28431 | Lair:6   | Found a staircase to the Slime Pits.
 29371 | Lair:6   | Identified the +6 hunting sling of Oru Kusoly {speed, Drain
                  | rPois Int+2}
 30275 | Lair:5   | Got the Grimoire of Unholy Rites and the Arsonist
 30852 | Lair:5   | Reached skill level 10 in Spellcasting
 32500 | Lair:4   | Learned a level 4 spell: Iskenderun's Mystic Blast
 32506 | Lair:4   | Learned a level 5 spell: Lee's Rapid Deconstruction
 32511 | Lair:4   | Learned a level 4 spell: Animate Dead
 32561 | Lair:6   | Noticed Kirke
 34086 | Lair:5   | Noticed a sphinx
 34086 | Lair:5   | Killed Kirke
 34087 | Lair:5   | Reached skill level 10 in Dodging
 34087 | Lair:5   | Reached XP level 14. HP: 96/106 MP: 23/28
 34861 | Lair:6   | Reached skill level 10 in Stealth
 35342 | Lair:6   | Reached skill level 10 in Invocations
 36726 | Lair:6   | Found a large runed translucent door.
 36727 | Lair:6   | Found a large runed translucent door.
 37088 | D:11     | Noticed Amaemon
 37093 | D:11     | Killed Amaemon
 38621 | D:11     | Found a transporter.
 38623 | D:11     | Found a transporter.
 38624 | D:11     | Noticed croobank's ghost (journeyman GnFE)
 39898 | D:11     | Found Guceqorr's Antique Armour Shoppe.
 40223 | Orc:1    | Entered Level 1 of the Orcish Mines
 40876 | Orc:2    | Entered Level 2 of the Orcish Mines
 42363 | Orc:2    | Reached XP level 15. HP: 113/115 MP: 16/29
 43046 | Orc:2    | Noticed an orc warlord
 43064 | Orc:2    | Killed an orc warlord
 43957 | Orc:2    | Found a staircase to the Elven Halls.
 44013 | Orc:2    | Reached skill level 10 in Earth Magic
 44550 | Orc:2    | Found Izurol's Antique Armour Boutique.
 44551 | Orc:2    | Found Yjakeo's Antique Weapon Shop.
 44552 | Orc:2    | Found Yfettud's General Store.
 44552 | Orc:2    | Found Dued's Book Boutique.
 45171 | Orc:2    | Bought a scroll of teleportation for 30 gold pieces
 45171 | Orc:2    | Bought a wand of charming (4) for 60 gold pieces
 45171 | Orc:2    | Bought a potion of heal wounds for 50 gold pieces
 45351 | Orc:2    | Bought an embroidered cloak for 127 gold pieces
 45374 | Orc:2    | Bought a dazzling ring mail for 153 gold pieces
 45374 | Orc:2    | Identified the +1 ring mail of Acvil Kaoru {Rampage rF+++
                  | Regen+ Slay-6} (You bought it in a shop on level 2 of the
                  | Orcish Mines)
 45694 | Orc:2    | Bought the Unrestrained Analects for 616 gold pieces
 45699 | Orc:2    | Learned a level 4 spell: Olgreb's Toxic Radiance
 45817 | D:12     | Identified the +1 robe of Neliva {Dex+6}
 45834 | D:12     | Identified the ring "Pimiessu" {Will+ rCorr Int-2 Dex-4
                  | Slay+6}
 45843 | D:12     | Reached skill level 10 in Fighting
 45843 | D:12     | Reached skill level 10 in Short Blades
 45843 | D:12     | Reached skill level 10 in Long Blades
 45843 | D:12     | Reached skill level 10 in Axes
 45843 | D:12     | Reached skill level 10 in Maces & Flails
 45843 | D:12     | Reached skill level 10 in Polearms
 45843 | D:12     | Reached skill level 10 in Staves
 45843 | D:12     | Reached skill level 10 in Slings
 45843 | D:12     | Reached skill level 10 in Bows
 45843 | D:12     | Reached skill level 10 in Crossbows
 45843 | D:12     | Reached skill level 10 in Throwing
 45843 | D:12     | Reached skill level 10 in Armour
 45843 | D:12     | Reached skill level 10 in Shields
 45843 | D:12     | Reached skill level 10 in Unarmed Combat
 45843 | D:12     | Reached skill level 10 in Evocations
 46042 | D:12     | Noticed Josephine
 46375 | D:12     | Killed Josephine
 46829 | D:12     | Identified a scroll of acquirement
 46832 | D:12     | Acquired the +0 buckler "Oludiar" {rElec rCorr}
 49057 | D:13     | Found a gate to the Vaults.
 49936 | D:13     | Found a snail-covered altar of Cheibriados.
 51652 | D:14     | You fall into a shaft and drop 1 floor!
 51652 | D:15     | Entered Level 15 of the Dungeon
 51901 | D:15     | Learned a level 5 spell: Freezing Cloud
 51906 | D:15     | Learned a level 3 spell: Mephitic Cloud
 52203 | D:15     | Reached XP level 16. HP: 48/123 MP: 19/31
 53227 | D:15     | Found a staircase to the Depths.
 53848 | D:15     | Learned a level 4 spell: Summon Lightning Spire
 53951 | D:11     | Killed Lodul
 54342 | Snake:1  | Entered Level 1 of the Snake Pit
 54852 | Snake:1  | Found a white marble altar of Elyvilon.
 56117 | Snake:1  | Noticed a nagaraja
 56137 | Snake:1  | Killed a nagaraja
 60123 | Snake:2  | Reached XP level 17. HP: 131/131 MP: 33/33
 61114 | Snake:2  | Found a glowing silver altar of Zin.
 61128 | Snake:2  | Found a runed translucent door.
 61129 | Snake:2  | Noticed sleeves's ghost (adept BaSu)
 62564 | Snake:3  | Reached skill level 10 in Transmutations
 65990 | Snake:4  | Entered Level 4 of the Snake Pit
 66149 | Snake:4  | Reached skill level 10 in Conjurations
 66149 | Snake:4  | Reached skill level 10 in Hexes
 66149 | Snake:4  | Reached skill level 10 in Summonings
 66149 | Snake:4  | Reached skill level 10 in Necromancy
 66149 | Snake:4  | Reached skill level 10 in Translocations
 66149 | Snake:4  | Reached skill level 10 in Fire Magic
 66149 | Snake:4  | Reached skill level 10 in Ice Magic
 66149 | Snake:4  | Reached skill level 10 in Air Magic
 66149 | Snake:4  | Reached skill level 10 in Poison Magic
 68353 | Snake:4  | Noticed a quicksilver dragon
 68359 | Snake:4  | Noticed a quicksilver dragon
 68360 | Snake:4  | Killed a quicksilver dragon
 68361 | Snake:4  | Reached XP level 18. HP: 106/140 MP: 22/35
 68364 | Snake:4  | Killed a quicksilver dragon
 69797 | Snake:4  | Got a serpentine rune of Zot
 70088 | Swamp:1  | Entered Level 1 of the Swamp
 70569 | Swamp:1  | Noticed Roxanne
 71331 | Swamp:1  | Found a transporter.
 71335 | Swamp:1  | Noticed Xuyneboji's ghost (journeyman MiBe)
 71740 | Swamp:1  | You fall into a shaft and drop 1 floor!
 71746 | Swamp:2  | Noticed Louise
 71789 | Swamp:2  | Killed Louise
 72263 | Swamp:2  | Noticed a tentacled monstrosity
 72277 | Swamp:2  | Killed a tentacled monstrosity
 75938 | Swamp:3  | Noticed a tentacled monstrosity
 75953 | Swamp:3  | Killed a tentacled monstrosity
 77041 | Vaults:1 | Entered Level 1 of the Vaults
 78492 | Vaults:1 | Reached XP level 19. HP: 148/148 MP: 28/36
 80478 | Vaults:1 | Identified the +6 long sword of the Evil Eye {pain, rC+
                  | MP-9 SInv}
 82309 | Vaults:1 | Glimpsed the power of Zot.
 84718 | Vaults:2 | Noticed Mennas
 86089 | Vaults:2 | Reached XP level 20. HP: 157/157 MP: 34/38
 86418 | Vaults:2 | HP: 5/157 [peacekeeper (4)]
 86419 | Vaults:2 | Slain by a war gargoyle

Illustrated notes

Levels and vault maps discovered:
D:1:      dpeg_arrival_brainrot, layout_basic, serial_glass, glass_columns_a,
          glass_columns_a, ebering_ecumenical_altar_webs, feat_on_display
D:2:      layout_rooms, basic_altar, minmay_split_cup_large
D:3:      layout_loops_ring, serial_shops, shop, minmay_crystal_water,
          dk_noncrumbling_3, serial_bayou_pond_b
D:4:      layout_cave_pods, lemuel_round_altar, old_standard_altar,
          minmay_temple_entry_drinking_statues
D:5:      layout_loops_ring, lemuel_mausoleum_altar_kikubaaqudgha,
          mainiacjoe_overflow_paths, bloody_trog, serial_shops,
          nicolae_shop_hallway_plus, lightli_minifort
D:6:      layout_gridville, minmay_overflow_temple_star_hex,
          guppyfry_early_elven_hall
D:7:      layout_cave_pools, nicolae_concentric_dashed_squares_mild,
          kennysheep_generic_room_15
D:8:      layout_loops_corners, enter_bailey_3, uniq_pikel
D:9:      layout_long_grid, kennysheep_little_box, makhleb_altar_promises_db,
          lemuel_round_altar, david_orc_5, st_stairs_9
D:10:     layout_layer_cave, lair_entry_dummy
D:11:     layout_basic, serial_shops, shop, gammafunk_ghost_hive, uniq_amaemon,
          uniq_lodul
D:12:     minmay_cut_squares, layout_rooms, uniq_josephine
D:13:     layout_basic, david_vaults_1, serial_bayou_ford_a, slow_altar_1
D:14:     lemuel_ogre_cave, layout_basic, hangedman_decor_opposing,
          nrook_mini_backslash, drop_trap
D:15:     grunt_enter_depths_hoard, layout_irregular_city, grunt_decor_arrowhead
Lair:1:   layout_cave_pods, chequers_serial_rivers_micro_d,
          columned_hall_lemuel, chequers_serial_rivers_micro_e,
          serial_bayou_pond_c, uniq_gastronok
Lair:2:   layout_cellular_growth, minivault_11, minivault_24,
          lemuel_oklob_altar, uniq_harold
Lair:3:   layout_loops_ring, swamp_mist, dummy_snake_entry,
          nicolae_quartered_pool_super, infiniplex_staircase_pool,
          serial_bayou_shore_b, uniq_urug, uniq_fannar
Lair:4:   layout_roguey [special_room_mythical_zoo], beast_lair_carwin_9,
          serial_bayou_shore_a, grunt_megastairs_4
Lair:5:   layout_cave_pods
Lair:6:   cheibrodos_lair_end_hotspot, layout_regular_city,
          minmay_slime_entry_eyes, st_stairs_7, small_statue_intersection,
          uniq_kirke
Swamp:1:  layout_basic_swamp, gammafunk_ghost_berserking_beasts,
          evilmike_swamp_ruin_house_1, nicolae_swamp_very_dense_foliage,
          uniq_roxanne
Swamp:2:  nzn_winding_woodlands_three_and_one
          [nzn_winding_woodlands_5x15_river_crossing,
          nzn_winding_woodlands_5x15_default,
          nzn_winding_woodlands_5x15_pathside_ponds,
          nzn_winding_woodlands_center_triple_pond], layout_basic_swamp,
          hangedman_swamp_cone, nicolae_swamp_nymph_family_reunion, uniq_louise
Swamp:3:  layout_basic_swamp, evilmike_swamp_ruin_house_2
Snake:1:  nicolae_snakescales, layout_basic, basic_altar
Snake:2:  layout_layer_cave, basic_altar, ebering_ghost_reflecting_pool
Snake:3:  nicolae_snake_shooting_gallery, layout_layer_cave,
          serial_bayou_shore_b
Snake:4:  hellmonk_snake_rune_quicksilver_temple, layout_misc_corridors
Orc:1:    layout_caves, basic_altar, minmay_orc_temple_a, uniq_jorgrun
Orc:2:    st_orc_congregation, layout_caves, portal_ice_cave_demonic_guard
Vaults:1: hangedman_vaults_capsules, v_misc_1, grunt_vaults_funnel,
          vaults_room_grunt_arrival_ludios, v_rooms_6,
          nicolae_vaults_twisting_passages, dpeg_vaults_waves,
          ontoclasm_vaults_pinch, vaults_dpeg_hooks, v_misc_17,
          ontoclasm_vaults_misaligned, grunt_vaults_focal, v_misc_17,
          nicolae_vaults_little_ls, layout_vaults_omnibox
Vaults:2: v_pattern_3, vaults_mumra_lcd,
          vaults_standard_mumra_enter_the_diamond, nicolae_vaults_quadrants,
          v_misc_2, dpeg_vaults_monster_row, minmay_crypt_entry_simple_corners,
          nicolae_vaults_what_the_h, nicolae_vaults_circle_grid_a,
          vaults_dpeg_ring, vaults_room_fours, ontoclasm_vaults_idyll,
          ontoclasm_vaults_ligature, grunt_vaults_hallway_short,
          layout_vaults_big_cross, uniq_jory, uniq_mennas, uniq_xtahua

Skill      XL: |  1  2  3  4  5  6  7  8  9 10 11 12 13 14 15 16 17 18 19 |
---------------+----------------------------------------------------------+-----
Transmutations | 2 3 4 5 6 7 8 9 10 11 | 11.7
Spellcasting   | 5 6 7 8 9 10 11 12 13 14 | 14.3
Invocations    | 1 2 3 4 5 6 7 8 9 10 11 12 13 14 | 14.6
Fighting       | 1 2 3 4 5 6 7 8 9 10 11 12 13 | 13.5
Short Blades   | 1 2 3 4 5 6 7 8 9 10 11 12 13 | 13.5
Long Blades    | 1 2 3 4 5 6 7 8 9 10 11 12 13 | 13.5
Axes           | 1 2 3 4 5 6 7 8 9 10 11 12 13 | 13.5
Maces & Flails | 1 2 3 4 5 6 7 8 9 10 11 12 13 | 13.5
Polearms       | 1 2 3 4 5 6 7 8 9 10 11 12 13 | 13.5
Staves         | 1 2 3 4 5 6 7 8 9 10 11 12 13 | 13.5
Slings         | 1 2 3 4 5 6 7 8 9 10 11 12 13 | 13.5
Bows           | 1 2 3 4 5 6 7 8 9 10 11 12 13 | 13.5
Crossbows      | 1 2 3 4 5 6 7 8 9 10 11 12 13 | 13.5
Throwing       | 1 2 3 4 5 6 7 8 9 10 11 12 13 | 13.5
Armour         | 1 2 3 4 5 6 7 8 9 10 11 12 13 | 13.5
Shields        | 1 2 3 4 5 6 7 8 9 10 11 12 13 | 13.5
Unarmed Combat | 1 2 3 4 5 6 7 8 9 10 11 12 13 | 13.5
Evocations     | 1 2 3 4 5 6 7 8 9 10 11 12 13 | 13.5
Conjurations   | 1 2 3 4 5 6 7 8 9 10 11 | 11.4
Hexes          | 1 2 3 4 5 6 7 8 9 10 11 | 11.4
Summonings     | 1 2 3 4 5 6 7 8 9 10 11 | 11.4
Necromancy     | 1 2 3 4 5 6 7 8 9 10 11 | 11.4
Translocations | 1 2 3 4 5 6 7 8 9 10 11 | 11.4
Fire Magic     | 1 2 3 4 5 6 7 8 9 10 11 | 11.4
Ice Magic      | 1 2 3 4 5 6 7 8 9 10 11 | 11.4
Air Magic      | 1 2 3 4 5 6 7 8 9 10 11 | 11.4
Poison Magic   | 1 2 3 4 5 6 7 8 9 10 11 | 11.4
Dodging        | 5 6 7 8 9 10 11 12 13 14 | 14.2
Stealth        | 5 6 7 8 9 10 11 12 13 14 | 14.1
Earth Magic    | 6 7 8 9 10 11 12 | 12.6

Action                   |  1- 3 |  4- 6 |  7- 9 | 10-12 | 13-15 | 16-18 | 19-21 || total
-------------------------+-------+-------+-------+-------+-------+-------+-------++-------
Melee: Unarmed           |     1 |       |       |       |     2 |       |       ||     3
       Punch             |     1 |       |     2 |     1 |     4 |       |       ||     8
       Short sword       |     1 |       |       |       |       |       |       ||     1
       Dagger            |       |    18 |     3 |       |       |       |       ||    21
       Bite              |       |     1 |     6 |     6 |     4 |    14 |     8 ||    39
       Whip              |       |       |    61 |    51 |       |       |       ||   112
       Staff             |       |       |       |    14 |    50 |    66 |    23 ||   153
       Demon trident     |       |       |       |       |       |       |     2 ||     2
 Fire: Hunting sling     |       |       |       |    74 |    41 |       |       ||   115
Throw: Dart              |       |       |       |    14 |    73 |     4 |       ||    91
       Boomerang         |       |       |       |       |   115 |   289 |    19 ||   423
       Javelin           |       |       |       |       |    34 |    49 |       ||    83
 Cast: Sandblast         |    50 |    77 |   112 |    99 |    99 |       |       ||   437
       Stone Arrow       |       |       |    53 |   249 |   490 |   435 |   199 ||  1426
       Frozen Ramparts   |       |       |       |    20 |    87 |     4 |       ||   111
       Flame Wave        |       |       |       |       |     6 |       |       ||     6
       Lee's Rapid Decon |       |       |       |       |    13 |     3 |       ||    16
       Animate Dead      |       |       |       |       |     1 |     6 |     5 ||    12
       Olgreb's Toxic Ra |       |       |       |       |    43 |    26 |    18 ||    87
       Summon Lightning  |       |       |       |       |       |   148 |    43 ||   191
       Freezing Cloud    |       |       |       |       |       |    65 |     9 ||    74
       Iskenderun's Myst |       |       |       |       |       |     2 |       ||     2
       Mephitic Cloud    |       |       |       |       |       |     1 |       ||     1
Invok: Stomp             |       |       |       |       |     4 |       |       ||     4
Evoke: Wand              |       |       |     2 |    17 |    64 |    11 |    18 ||   112
       Lightning rod     |       |       |       |     4 |    13 |    19 |    13 ||    49
       Phial of floods   |       |       |       |     1 |     4 |     6 |     3 ||    14
       Box of beasts     |       |       |       |       |     4 |     6 |     5 ||    15
       Tin of tremorston |       |       |       |       |     2 |     7 |     4 ||    13
  Use: Scroll            |       |       |    17 |     9 |    19 |     6 |     6 ||    57
       Potion            |       |       |       |       |     1 |     1 |    21 ||    23
 Stab: Sleeping          |       |       |     2 |       |       |       |       ||     2
       Paralysed         |       |       |     1 |     4 |     2 |       |     2 ||     9
       Distracted        |       |       |       |       |     1 |     3 |       ||     4
Armor: Robe              |     8 |     2 |       |       |       |       |       ||    10
       Leather armour    |       |    16 |    60 |   120 |    93 |   192 |    75 ||   556
       Ring mail         |       |       |       |       |   134 |     3 |       ||   137
Dodge: Dodged            |    19 |    33 |    84 |   250 |   644 |   484 |   161 ||  1675
Block: Buckler           |       |       |       |       |    27 |   203 |    47 ||   277
       Kite shield       |       |       |       |       |       |       |    57 ||    57

Table legend: (Time is in decaauts)
 A = Elapsed time spent in this place.
 B = Non-inter-level travel time spent in this place.
 C = Inter-level travel time spent in this place.
 D = Time resting spent in this place.
 E = Time spent auto-exploring this place.
 F = Levels seen in this place.
 G = Mean time per level.
                   A        B        C        D        E       F      G
               +--------+--------+--------+--------+--------+-----+--------+
         Total |  88418 |  83293 |   5125 |  48034 |  24257 |  32 | 2763.1 |
       Dungeon |  34617 |  32653 |   1964 |  18208 |  10325 |  15 | 2307.8 |
          Lair |  17206 |  15364 |   1842 |   7440 |   5599 |   6 | 2867.7 |
         Swamp |   6853 |   6802 |     51 |   4251 |   1753 |   3 | 2284.3 |
     Snake Pit |  16279 |  15864 |    415 |  10064 |   4003 |   4 | 4069.8 |
  Orcish Mines |   4816 |   4341 |    475 |   2591 |   1008 |   2 | 2408.0 |
        Vaults |   8644 |   8268 |    376 |   5479 |   1567 |   2 | 4322.0 |
               +--------+--------+--------+--------+--------+-----+--------+

Top non-repeatable levels by time:
Vaults:1: 6657 daAuts
 Snake:3: 5230 daAuts
    D:10: 5052 daAuts
 Snake:1: 4493 daAuts
  Lair:6: 4060 daAuts
  Lair:5: 4015 daAuts
 Snake:4: 3763 daAuts
     D:8: 3708 daAuts
     D:9: 3359 daAuts
 Swamp:2: 2842 daAuts
    D:13: 2838 daAuts
     D:4: 2826 daAuts
 Snake:2: 2791 daAuts
  Lair:4: 2730 daAuts
   Orc:2: 2715 daAuts
